AoeStats
← xxCamper_2

Arena

504167776Analyzed
3v3 RM · 27d ago on Sep 4, 2026· 33m 0s· 6 players
Game mode
Random Map
Map size
Normal (6 player)
Population
200
Speed
Normal
Resources
Standard
Victory
Conquest
Starting age
Dark Age
Ending age
Imperial Age
RankedLock teamsTeams togetherTeam positionsShared explorationLock speedFull tech treeHidden civsTurbo modeCheats
Victory
Defeat
🇨🇱 Mapuche · Chile
1286
+16
🇨🇳 Franks · China
1280
+16
🇨🇴 Aztecs · Colombia
1210
+19
🇸🇰 Italians · Slovakia
1360
-21
🇴🇲 Khmer · Oman
1285
-17
🇯🇵 Teutons · Japan
1196
-13
BKB Preacher
7:46 Loom
10:20 Feudal Age
15:24 Castle Age
14:49 Double-Bit Axe
22:43 Bow Saw
23:09 Horse Collar
30:04 Treadmill Crane
31:53 Wheelbarrow
35:43 Imperial Age
BKB enjoyer
11:16 Feudal Age
12:41 Double-Bit Axe
15:05 Castle Age
13:24 Scale Mail Armor
13:26 Horse Collar
13:39 Gold Mining
14:19 Horse Collar
16:22 Bow Saw
17:00 Fervor
17:58 Loom
18:51 Wheelbarrow
19:42 Squires
20:40 Heavy Plow
21:22 Sanctity
22:45 Forging
23:14 Redemption
23:46 Chain Mail Armor
28:54 Treadmill Crane
30:40 Iron Casting
30:46 Ballistics
30:33 Pikeman
30:33 Man-at-Arms
30:59 Gambesons
31:36 Arson
31:13 Eagle Warrior
32:05 Fletching
32:54 Bodkin Arrow
32:59 Padded Archer Armor
入秋
10:38 Feudal Age
14:14 Castle Age
12:37 Double-Bit Axe
15:21 Bow Saw
16:01 Wheelbarrow
19:21 Gold Mining
20:54 Gold Shaft Mining
21:02 Stone Mining
24:35 Husbandry
26:49 Forging
26:45 Scale Barding Armor
30:42 Imperial Age
28:00 Loom
31:11 Iron Casting
30:56 Chain Barding Armor
30:54 Hand Cart
30:44 Cavalier
33:07 Blast Furnace
33:38 Plate Barding Armor
xxCamper_2
10:40 Feudal Age
14:53 Castle Age
13:14 Double-Bit Axe
13:49 Horse Collar
16:38 Loom
20:38 Stone Mining
20:52 Gold Mining
27:36 Imperial Age
30:15 Chemistry
31:38 Padded Archer Armor
33:06 Fletching
ql7mt
10:24 Feudal Age
15:40 Castle Age
16:25 Double-Bit Axe
16:27 Horse Collar
19:40 Bow Saw
22:02 Heavy Plow
22:09 Loom
23:00 Wheelbarrow
29:40 Hand Cart
29:11 Town Watch
29:15 Light Cavalry
30:12 Forging
30:52 Ballistics
33:45 Iron Casting
33:16 Scale Barding Armor
hohoho
7:29 Loom
9:38 Feudal Age
10:28 Double-Bit Axe
12:25 Fletching
18:59 Castle Age
17:24 Horse Collar
18:59 Stone Mining
19:01 Gold Mining
20:02 Bodkin Arrow
Connection lost

Rejoining the realm…

Still unreachable

The connection could not be restored.

Session expired

The server has moved on; the page needs a fresh start.